 Dungeon Crawl Stone Soup version 0.20-a0 (webtiles) character file.

2763 hairmachine the Cleaver (level 9, -18/127 HPs)
             Began as a Hill Orc Abyssal Knight on Oct 27, 2016.
             Was an Elder of Lugonu.
             Demolished by a white ugly thing (19 damage)
             ... on level 9 of the Dungeon.
             The game lasted 00:17:58 (7083 turns).

hairmachine the Cleaver (Hill Orc Abyssal Knight)   Turns: 7083, Time: 00:18:02

Health: -18/127    AC: 24    Str: 17    XL:     9   Next: 69%
Magic:  10/10      EV:  2    Int: 17    God:    Lugonu [****..]
Gold:   353        SH:  4    Dex: 11    Spells: 0 memorised, 8 levels left

rFire  . . .     SeeInvis .     n - +3 war axe
rCold  . . .     Gourm    .     (armour currently unavailable)
rNeg   + + +     Faith    .     (no shield)
rPois  +         Spirit   .     (helmet currently unavailable)
rElec  .         Reflect  +     (cloak currently unavailable)
rCorr  .         Harm     .     (gloves currently unavailable)
MR     .....     NoTele   +     (boots currently unavailable)
Stlth  +.........               M - +4 amulet of reflection
                                (no ring)
                                L - +5 ring of intelligence

@: tree-form, very slightly contaminated, hasted, invisible, very quick
A: no striking features
a: Depart the Abyss, Bend Space, Banish, Corrupt, Renounce Religion


You were on level 9 of the Dungeon.
You worshipped Lugonu.
Lugonu was greatly pleased with you.
You were not hungry.
You were a tree.
You visited 1 branch of the dungeon, and saw 9 of its levels.
You visited the Abyss 1 time.

You collected 353 gold pieces.


   Skills:
 + Level 9.6 Fighting
 + Level 13.5 Axes
 - Level 2.1 Armour
 - Level 0.7 Dodging
 - Level 2.4 Invocations


You had 8 spell levels left.
You didn't know any spells.

Inventory:

Hand Weapons
 a - a +1 hand axe
 n - a +3 war axe (weapon)
   (You found it on level 3 of the Dungeon)
Missiles
 f - 24 stones
 C - a javelin (quivered)
Armour
 j - a +1 cloak (melded)
   (You found it on level 1 of the Dungeon)
 r - a +0 troll leather armour (melded)
   (You found it on level 2 of the Dungeon)
Jewellery
 L - a +5 ring of intelligence (left branch)
   (You found it on level 7 of the Dungeon)
 M - a +4 amulet of reflection (around neck)
   (You found it on level 7 of the Dungeon)
Wands
 x - a wand of random effects (19/48)
   (You found it on level 4 of the Dungeon)
 y - a wand of acid (1/15)
   (You found it on level 4 of the Dungeon)
 D - a wand of polymorph (22/24)
   (You took it off Grinder on level 5 of the Dungeon)
 H - a wand of slowing (31/48)
   (You found it on level 6 of the Dungeon)
 I - a wand of paralysis (6/24)
   (You found it on level 6 of the Dungeon)
Scrolls
 p - 10 scrolls of remove curse {!r}
 t - 2 scrolls of fear {!r, unknown}
 u - 4 scrolls of teleportation {!r, unknown}
 w - 2 scrolls of recharging {!r, unknown}
 z - 4 scrolls of enchant armour {!r, unknown}
 B - a scroll of magic mapping {!r, unknown}
 K - a scroll of amnesia {!r, unknown}
Potions
 e - a potion of agility {!q}
 i - a potion of cancellation {!q}
 m - a potion of curing {!q}
 E - a potion of degeneration {!q, unknown}
 F - a potion of cure mutation {!q, unknown}
 J - a potion of ambrosia {!q, unknown}
Books
 l - a book of Cantrips
   (You found it on level 2 of the Dungeon)

   Spells                             Type                      Level
   a - Confusing Touch                Hexes                        1
   b - Animate Skeleton               Necromancy                   1
   c - Summon Small Mammal            Summoning                    1
   d - Apportation                    Translocation                1
Comestibles
 c - 7 bread rations
 h - 6 meat rations
 o - 9 fruits
 s - 2 royal jellies
 v - 3 beef jerkies
 G - 2 chunks of flesh

Dungeon Overview and Level Annotations

Branches:
Dungeon (10/15)            Temple (0/1) D:5
   Lair: D:8-11         Orc: D:9-12

Altars:
Ashenzari
Hepliaklqana
Nemelex Xobeh
Okawaru
The Shining One

Shops:
D:10

}
#.#u#
#H#♣#
#.#.#
..#.#
###.#
..#
###


You could see a white ugly thing and a hippogriff.


Message History

Found four items.
Found Buifud's Gadget Shop.
Found a stone staircase leading up.
Space bends around you!
You blink.
Damage: -3%(-3hp) hp: 97%(81hp)
The brown ugly thing closely misses you.
There is a stone staircase leading up here.
HP restored.
You block the brown ugly thing's attack.
You climb upwards.
Found 17 gold pieces.
There is a stone staircase leading down here.
You hit the brown ugly thing.
The brown ugly thing is lightly wounded.
The brown ugly thing claws you.
You are splashed with acid!
The acid burns!
Damage: -11%(-10hp) hp: 89%(74hp)
You hit the brown ugly thing.
The brown ugly thing is lightly wounded.
The brown ugly thing barely misses you.
You slice the brown ugly thing!!
The brown ugly thing is heavily wounded.
The brown ugly thing claws you! The acid corrodes you!
You are splashed with acid!
The acid burns!
* * * LOW HITPOINT WARNING * * *
Huge Dmg: -24%(-20hp) hp: 66%(55hp)
You slash the brown ugly thing!
The brown ugly thing is heavily wounded.
The brown ugly thing claws you.
* * * LOW HITPOINT WARNING * * *
The acid corrodes you!
You are splashed with acid!
The acid burns!
* * * LOW HITPOINT WARNING * * *
Damage: -13%(-11hp) hp: 53%(44hp)
A hippogriff comes into view.
The hippogriff screeches!
The brown ugly thing claws you!
* * * LOW HITPOINT WARNING * * *
You are splashed with acid!
The acid burns!
* * * LOW HITPOINT WARNING * * *
Huge Dmg: -22%(-19hp) hp: 33%(27hp)
You barely miss the brown ugly thing.
The brown ugly thing is heavily wounded.
Unknown command.
You hit the brown ugly thing.
The brown ugly thing is severely wounded.
The brown ugly thing claws you.
* * * LOW HITPOINT WARNING * * *
You are splashed with acid!
The acid burns!
* * * LOW HITPOINT WARNING * * *
Huge Dmg: -11%(-9hp) hp: 23%(19hp) Really quaff
m - 3 cyan potions {!q}?
It was a potion of curing {!q}.
You feel better. The brown ugly thing claws you.
* * * LOW HITPOINT WARNING * * *
You are splashed with acid!
The acid burns!
* * * LOW HITPOINT WARNING * * *
Huge Dmg: -5%(-4hp) hp: 18%(15hp) Really quaff
i - 2 inky potions {!q}?
It was a potion of cancellation {!q}.
Your magical effects are unravelling.
You feel magically purged.
You are no longer corroded.
The brown ugly thing claws you.
* * * LOW HITPOINT WARNING * * *
You are splashed with acid!
The acid burns!
* * * LOW HITPOINT WARNING * * *
Huge Dmg: -14%(-12hp) hp: 4%(3hp) Really quaff
m - 2 potions of curing {!q}?
You feel better. The brown ugly thing claws you.
* * * LOW HITPOINT WARNING * * *
You are splashed with acid!
The acid burns!
* * * LOW HITPOINT WARNING * * *
Unknown command.
Space bends around you!
You blink.
* * * LOW HITPOINT WARNING * * *
Huge Dmg: -2%(-2hp) hp: 3%(2hp) Really quaff
b - a puce potion {!q}?
It was a potion of invisibility {!q}.
You fade into invisibility!
You are very lightly contaminated with residual magic.
Really quaff
d - a viscous pink potion {!q}?
It was a potion of lignification {!q}.
You turn into a tree.
Your +1 cloak melds into your body.
Your +0 troll leather armour melds into your body.
Your roots penetrate the ground.
You block the brown ugly thing's attack.
Unknown command.
Really quaff
g - a sedimented orange potion {!q}? [Y]es or [N]o only, please.
Really quaff
g - a sedimented orange potion {!q}?
It was a potion of flight {!q}.
Your roots keep you in place.
The brown ugly thing basks in your mutagenic energy and changes!
Really quaff
k - a fuming inky potion {!q}?
It was a potion of magic {!q}.
Magic courses through your body.
Really quaff
A - a fizzy golden potion {!q}?
It was a potion of haste {!q}.
You feel yourself speed up. The white ugly thing punches you.
* * * LOW HITPOINT WARNING * * *
The white ugly thing freezes you!!
You die...

Vault maps used:
D:1:      dpeg_arrival_another_circle, nemelex_diamond_rough_becter
D:2:      okawaru_gym_becter
D:3:      lemuel_doored_altar, first_bread, serial_forest,
          infiniplex_forest_lined_4_way, infiniplex_forest_lined_corner,
          infiniplex_forest_clump_tiny, infiniplex_forest_clump_curved,
          infiniplex_forest_split, infiniplex_forest_clump_tiny
D:4:      minmay_unequal
D:5:      tso_metal_star, uniq_menkaure, uniq_grinder, uniq_crazy_yiuf_cottage
D:6:      nicolae_ashenzari_panopticon
D:9:      nicolae_dithmenos_shadow_blocks, grunt_temple_overflow_open,
          special_room, uniq_maurice
D:10:     serial_shops, nicolae_shop_crystal, basic_altar,
          serial_co_window_serial, co_window_paths_a,
          co_window_of_opportunity_a, co_window_of_opportunity_a,
          co_window_paths_b, co_window_paths_b, co_window_broadway_b,
          co_window_unsneaky_path_e, co_window_cross_2, co_window_4corner_b,
          glass_columns_a, glass_columns_c, glass_columns_c

Notes
Turn   | Place    | Note
-------+----------+-------------------------------------------
     0 | Abyss:1  | hairmachine the Hill Orc Abyssal Knight began the quest for the Orb.
     0 | Abyss:1  | Reached XP level 1. HP: 19/19 MP: 2/2
     8 | D:1      | Escaped the Abyss
    49 | D:1      | Reached skill level 3 in Axes
   194 | D:1      | Reached XP level 2. HP: 26/26 MP: 3/3
   321 | D:1      | Reached skill level 4 in Axes
   862 | D:1      | Found a sparkling altar of Nemelex Xobeh.
   903 | D:1      | Reached XP level 3. HP: 31/31 MP: 4/4
  1410 | D:2      | Found an iron altar of Okawaru.
  1412 | D:2      | Reached ** piety under Lugonu
  1836 | D:2      | Reached skill level 5 in Axes
  2327 | D:3      | Found a hazy altar of Hepliaklqana.
  2540 | D:3      | Reached XP level 4. HP: 37/39 MP: 5/5
  2882 | D:4      | Reached skill level 6 in Axes
  3100 | D:4      | Reached XP level 5. HP: 37/45 MP: 6/6
  3263 | D:4      | Reached skill level 7 in Axes
  3268 | D:4      | Noticed an ogre
  3572 | D:4      | Killed an ogre
  3572 | D:4      | Reached skill level 8 in Axes
  3572 | D:4      | Reached XP level 6. HP: 34/51 MP: 7/7
  3659 | D:4      | Reached *** piety under Lugonu
  3659 | D:4      | Reached skill level 9 in Axes
  3900 | D:5      | Entered Level 5 of the Dungeon
  3959 | D:5      | Found a glowing golden altar of the Shining One.
  3965 | D:5      | Found a staircase to the Ecumenical Temple.
  3970 | D:5      | Reached XP level 7. HP: 57/57 MP: 8/8
  3995 | D:5      | Reached skill level 10 in Axes
  4151 | D:5      | Noticed Grinder
  4157 | D:5      | Killed Grinder
  4165 | D:5      | Reached skill level 5 in Fighting
  4217 | D:5      | Reached XP level 8. HP: 67/68 MP: 9/9
  4271 | D:5      | Reached skill level 11 in Axes
  4424 | D:5      | Noticed Menkaure
  4443 | D:5      | Killed Menkaure
  4571 | D:5      | Found a runed door.
  4715 | D:5      | Noticed Crazy Yiuf
  4718 | D:5      | Killed Crazy Yiuf
  4880 | D:6      | Noticed varam's ghost (novice GrFi)
  4945 | D:6      | Killed varam's ghost
  4945 | D:6      | Reached skill level 12 in Axes
  5238 | D:6      | Reached XP level 9. HP: 72/81 MP: 10/10
  5523 | D:6      | Reached **** piety under Lugonu
  5947 | D:6      | Found a shattered altar of Ashenzari.
  6560 | D:7      | Reached skill level 13 in Axes
  7052 | D:7      | You fall through a shaft for 3 floors!
  7052 | D:10     | Entered Level 10 of the Dungeon
  7052 | D:10     | Found Buifud's Gadget Shop.
  7052 | D:10     | Noticed a brown ugly thing
  7076 | D:9      | HP: 3/85 [acid (9)]
  7083 | D:9      | HP: 1/127 [white ugly thing (4)]
  7083 | D:9      | Demolished by a white ugly thing

Vanquished Creatures
  The ghost of varam the Chopper, a novice GrFi (D:6)
  Grinder (D:5)
  A hippogriff (D:7)
  Menkaure (D:5)
  An ice beast (D:5)
  A sky beast (D:7)
  2 phantoms (D:6)
  A necrophage (D:7)
  4 ogres
  3 bullfrogs
  A scorpion (D:6)
  3 wights
  3 howler monkeys
  7 crimson imps
  2 bullfrog zombies
  2 hounds (D:7)
  Crazy Yiuf (D:5)
  A bullfrog skeleton (D:5)
  An orc wizard (D:4)
  4 iguanas
  3 worker ants
  A hound skeleton (D:4)
  3 adders
  A howler monkey skeleton (D:5)
  2 shadow imps
  An ooze (D:1)
  An adder skeleton (D:5)
  4 worms
  A dart slug (D:1)
  7 leopard geckos
  5 orcs
  5 giant cockroaches
  3 goblins
  7 hobgoblins
  10 jackals
  2 kobolds
  5 bats
  4 frilled lizards
  8 rats
114 creatures vanquished.

Action                   |  1- 3 |  4- 6 |  7- 9 || total
-------------------------+-------+-------+-------++-------
Melee: Hand axe          |    92 |       |       ||    92
       War axe           |    22 |    77 |   188 ||   287
Throw: Stone             |    21 |     6 |    38 ||    65
       Javelin           |       |     2 |    21 ||    23
Invok: Bend Space        |       |       |     2 ||     2
Evoke: Wand              |       |     1 |     8 ||     9
  Use: Scroll            |     3 |     1 |     1 ||     5
       Potion            |       |       |     8 ||     8
  Eat: Chunk             |     5 |     5 |     8 ||    18
       Pizza             |       |       |     1 ||     1
Armor: Leather armour    |    17 |       |       ||    17
       Troll leather arm |    27 |    18 |    45 ||    90
Dodge: Dodged            |    59 |    48 |    72 ||   179
Block: Other             |       |       |     2 ||     2

Skill      XL: |  1  2  3  4  5  6  7  8  9 |
---------------+----------------------------+-----
Axes           | 3 4 5 6 8 9 10 12 13 | 13.5
Fighting       | 5 7 9 |  9.6
Armour         | |  2.1
Dodging        | |  0.7
Invocations    | |  2.4
